 Seeded DCSS version 0.25-a0-191-ga656ec4 (webtiles) character file.

Game seed: 2160266255993683535, levelgen mode: deterministic

111 Illumine the Magician (level 4, 0/25 HPs)
             Began as a Tengu Wizard on Dec 1, 2019.
             Killed from afar by an orc wizard (7 damage)
             ... with a magic dart
             ... on level 3 of the Dungeon.
             The game lasted 00:08:16 (2984 turns).

Illumine the Magician (Tengu Wizard)                Turns: 2984, Time: 00:08:16

Health: 0/25       AC:  3    Str:  7    XL:     4   Next: 92%
Magic:  10/10      EV: 13    Int: 19    God:
Gold:   101        SH:  0    Dex: 13    Spells: 2/10 levels left

rFire    . . .     SeeInvis +   f - +1 spear
rCold    . . .     Gourm    .   (no shield)
rNeg     . . .     Faith    .   a - +1 robe
rPois    .         Spirit   .   b - +0 hat
rElec    .         Reflect  .   (no cloak)
rCorr    .         Harm     .   (no gloves)
MR       .....                  (boots unavailable)
Stlth    ++........             (no amulet)
HPRegen  0.08/turn              i - ring of see invisible
MPRegen  0.12/turn              (no ring)

@: no status effects
A: beak, talons 3
a: no special abilities


You were on level 3 of the Dungeon.
You were very hungry.

You visited 1 branch of the dungeon, and saw 3 of its levels.

You collected 101 gold pieces.

Inventory:

Hand Weapons
 f - a +1 spear (weapon)
 h - a +0 club
Missiles
 e - 62 stones (quivered)
 j - 7 javelins
Armour
 a - a +1 robe (worn)
 b - a +0 hat (worn)
Jewellery
 i - a ring of see invisible (left hand)
 k - an uncursed ring of teleportation
 t - an uncursed amulet of faith
Scrolls
 g - a scroll of remove curse
 m - a scroll of identify
 o - a scroll of enchant weapon
 s - a scroll of immolation {unknown}
Potions
 c - 2 potions of resistance {unknown}
 l - a potion of haste {unknown}
 n - a potion of curing {unknown}
 p - a potion of magic
 r - a potion of flight {unknown}
Comestibles
 d - 5 rations


   Skills:
 + Level 1.0 Fighting
 + Level 1.0 Polearms
 + Level 2.5 Dodging
 - Level 2.0 Stealth
 + Level 3.7 Spellcasting
 - Level 3.0 Conjurations
 - Level 2.0 Summonings
 + Level 1.3 Translocations


You had 2 spell levels left.
You knew the following spells:

 Your Spells              Type           Power        Failure   Level  Hunger
a - Magic Dart            Conj           ###.         4%          1    None
b - Call Imp              Summ           ##......     9%          2    ##.....
c - Blink                 Tloc           N/A          12%         2    ##.....
d - Conjure Flame         Conj/Fire      #.......     22%         3    ###....

Your spell library contained the following spells:

 Spells                   Type           Power        Failure   Level  Hunger
 Slow                     Hex            #.......     22%         2    ##.....
 Mephitic Cloud           Conj/Pois/Air  #.......     28%         3    ###....


Dungeon Overview and Level Annotations

Branches:
Dungeon (3/15)

Altars:

Annotations:
D:3 Sigmund


Innate Abilities, Weirdness & Mutations

You have a beak for a mouth.
You have claws for feet.


Message History

Okay, then.
Casting: Blink (safe; 12% risk of failure)
Confirm with . or Enter, or press ? or * to list all spells.
A beastly little devil appears in a puff of flame.
The orc wizard closely misses you.
Your shadow imp gestures at the orc.
The orc wizard struggles to resist.
Unknown command.
Something misses your shadow imp. The orc closely misses you. x2
The orc wizard casts a spell at you. The magic dart hits you!
* * * LOW HITPOINT WARNING * * *
Your crimson imp blinks!
Unknown command.
Unknown command.
Magic courses through your body. The orc completely misses you.
The orc wizard gestures at you while chanting.
The magic dart hits you!
You die...

#.# ########
#S# #g# #.# #5#
###.######
#.o......#
#..o.....#
######.@......#
.....(..o§..5.#
###############
#####
#...##########


You could see an orc wizard, an adder, 2 orcs, a hobgoblin, a friendly crimson
imp and a friendly shadow imp.

Vanquished Creatures
  An adder (D:2)
  2 oozes
  A dart slug (D:1)
  2 leopard geckos (D:1)
  6 giant cockroaches
  4 goblins
  3 hobgoblins
  A quokka (D:2)
  7 bats
  4 frilled lizards
  4 kobolds
  5 rats
40 creatures vanquished.

Vanquished Creatures (collateral kills)
  A crimson imp (D:3)
  3 adders
  2 worms (D:2)
  2 bats (D:3)
  A giant cockroach (D:3)
  A goblin (D:3)
  2 hobgoblins (D:3)
  A kobold (D:3)
  A quokka (D:3)
14 creatures vanquished.

Grand Total: 54 creatures vanquished

Notes
Turn   | Place    | Note
-------+----------+-------------------------------------------
     0 | D:1      | Illumine the Tengu Wizard began the quest for the Orb.
     0 | D:1      | Reached XP level 1. HP: 10/10 MP: 5/5
   276 | D:1      | Reached XP level 2. HP: 15/15 MP: 5/7
   427 | D:1      | Learned a level 2 spell: Call Imp
   430 | D:1      | Learned a level 2 spell: Blink
   839 | D:2      | Reached XP level 3. HP: 19/19 MP: 1/9
  1014 | D:2      | Learned a level 3 spell: Conjure Flame
  1508 | D:2      | Reached skill level 1 in Translocations
  1976 | D:2      | Reached XP level 4. HP: 20/24 MP: 1/10
  2390 | D:3      | Noticed Sigmund
  2665 | D:3      | Reached skill level 1 in Fighting
  2665 | D:3      | Reached skill level 1 in Polearms
  2984 | D:3      | Killed from afar by an orc wizard

Levels and vault maps discovered:
D:1:      nzn_arrival_depleted_hourglass, layout_rooms, minmay_crystal_water
D:2:      minmay_skewed_foursquare, layout_basic, first_ration, uniq_natasha
D:3:      layout_basic, serial_park_tiny_pond, uniq_sigmund

Skill      XL: |  1  2  3  4 |
---------------+-------------+-----
Conjurations   | 2 3 |  3.0
Translocations | 1 |  1.3
Fighting       | 1 |  1.0
Polearms       | 1 |  1.0
Summonings     | 2 |  2.0
Dodging        | |  2.5
Stealth        | |  2.0
Spellcasting   | |  3.7

Action                   |  1- 3 |  4- 6 || total
-------------------------+-------+-------++-------
Melee: Club              |     3 |       ||     3
       Spear             |    12 |    15 ||    27
       Kick              |     1 |     5 ||     6
       Peck              |       |     3 ||     3
 Cast: Magic Dart        |    59 |    16 ||    75
       Call Imp          |    13 |    14 ||    27
       Blink             |       |     2 ||     2
  Use: Scroll            |     4 |       ||     4
       Potion            |       |     1 ||     1
 Stab: Sleeping          |       |     2 ||     2
  Eat: Chunk             |     2 |     4 ||     6
Armor: Robe              |     4 |     6 ||    10
Dodge: Dodged            |    18 |    26 ||    44

Table legend:
 A = Non-vault XP
 B = Vault XP
 C = Vault XP percentage of total XP
 D = Non-vault monster count
 E = Vault monster count
 F = Vault count percentage of total count
                 A         B        C        D         E       F
            +---------+---------+-------+---------+---------+-------
      Total |     154 |       5 |   3.1 |      51 |       3 |   5.6
            +---------+---------+-------+---------+---------+-------
        D:1 |      28 |       0 |   0.0 |      15 |       0 |   0.0
        D:2 |      54 |       5 |   8.5 |      17 |       3 |  15.0
        D:3 |      72 |       0 |   0.0 |      19 |       0 |   0.0
            +---------+---------+-------+---------+---------+-------
